 Dungeon Crawl Stone Soup version 0.19.1 (webtiles) character file.

39 danny2772 the Skirmisher (level 3, -4/54 HPs)
             Began as a Draconian Wanderer on Dec 1, 2016.
             Slain by a hobgoblin (5 damage)
             ... on level 2 of the Dungeon.
             The game lasted 00:07:51 (1259 turns).

danny2772 the Skirmisher (Draconian Wanderer)       Turns: 1259, Time: 00:07:52

Health: -4/54      AC: 21    Str: 14    XL:     3   Next: 26%
Magic:  3/3        EV:  2    Int: 13    God:
Gold:   50         SH:  0    Dex: 10    Spells: 0 memorised, 2 levels left

rFire  . . .     SeeInvis .     i - +0 short sword
rCold  . . .     Gourm    .     (armour unavailable)
rNeg   + + +     Faith    .     (no shield)
rPois  +         Spirit   .     (helmet currently unavailable)
rElec  .         Reflect  .     (cloak currently unavailable)
rCorr  .         Harm     .     (gloves currently unavailable)
MR     .....     NoTele   +     (boots currently unavailable)
Stlth  +.........               (no amulet)
                                (no ring)
                                (no ring)

@: tree-form
A: unfitting armour, (cold-blooded), AC +5
a: no special abilities


You were on level 2 of the Dungeon.
You were not hungry.
You were a tree.
You visited 1 branch of the dungeon, and saw 2 of its levels.

You collected 50 gold pieces.

Inventory:

Hand Weapons
 a - a +2 hand crossbow
 h - a +0 dagger
 i - a +0 short sword (weapon)
 k - a +0 short sword
 m - a +0 short sword
 p - a +0 dagger
Missiles
 b - 9 bolts
 g - 50 stones (quivered)
 j - 19 poisoned needles
 n - 6 javelins
 q - 22 sling bullets
Armour
 e - a +0 scale mail
 o - a +0 plate armour
Scrolls
 l - 3 scrolls of identify {unknown}
Potions
 c - a potion of lignification
Comestibles
 d - a bread ration
 f - 3 meat rations


   Skills:
 + Level 5.0 Fighting
   Level 2.0 Axes
 + Level 2.5 Crossbows
 + Level 0.1 Dodging
 + Level 1.1 Stealth
   Level 1.0 Shields


You had 2 spell levels left.
You didn't know any spells.

Dungeon Overview and Level Annotations

Branches:
Dungeon (2/15)

Altars:

Annotations:
D:2 Robin


Innate Abilities, Weirdness & Mutations

((Your plain brown scales are hard. (AC +5)))
You cannot fit into any form of body armour.
((You are cold-blooded and may be slowed by cold attacks.))


Message History

The hobgoblin hits you but does no damage. x3
The adder bites you.
* * * LOW HITPOINT WARNING * * *
The goblin hits you but does no damage.
You barely miss the hobgoblin.
The hobgoblin is almost dead.
The goblin no longer looks unusually strong.
The hobgoblin hits you but does no damage. x3
The adder bites you but does no damage. The goblin hits you but does no damage.
The hobgoblin hits you.
* * * LOW HITPOINT WARNING * * *
You hit the hobgoblin but do no damage.
The hobgoblin is almost dead.
The hobgoblin hits you but does no damage.
The hobgoblin barely misses you. The adder bites you but does no damage.
Robin roars a battlecry!
The goblins go into a battle-frenzy!
The hobgoblin barely misses you. The goblin hits you but does no damage.
The hobgoblin hits you.
You die...

.......%......###..[#
..........[..........
.........#........). ..#
...$..../#.#.....# ..
..?.....(..(.g...### ..
.....).(!.##......(# #.
.......lg...#>..##.## #.
..$......gS#.#.ggg..#..# #.
........h#♣#.###(.#.##.###.
.....####hggg..##....g(glg.. #..
#.. ###gg....#..(####... .. #.##
#.#.##.#.#.####... ### .#
#..####.#.<..#.#...##... ..##.#
##...............#.##...
..#..#####....#.#####.#.#.#.#####
....##.....##.#.# #...#...####
.......######.#.##########.....##


You could see Robin, an adder, a jackal, 3 hobgoblins, 3 goblins and a frilled
lizard.

Vanquished Creatures
  2 oozes (D:1)
  A leopard gecko (D:2)
  A ball python (D:2)
  A giant cockroach (D:2)
  5 hobgoblins (D:1)
  2 bats (D:1)
  9 goblins
  4 kobolds (D:1)
  3 rats (D:1)
28 creatures vanquished.

Notes
Turn   | Place    | Note
-------+----------+-------------------------------------------
     0 | D:1      | danny2772 the Draconian Wanderer began the quest for the Orb.
     0 | D:1      | danny2772 set off with: a +2 hand crossbow, 27 bolts, 2 potions of lignification, a bread ration
     0 | D:1      | Reached XP level 1. HP: 22/22 MP: 1/1
   218 | D:1      | Reached XP level 2. HP: 28/28 MP: 2/2
  1077 | D:2      | Reached skill level 5 in Fighting
  1077 | D:2      | Reached XP level 3. HP: 36/36 MP: 3/3
  1201 | D:2      | Noticed Robin
  1258 | D:2      | HP: 1/54 [hobgoblin[Robin] (2)]
  1259 | D:2      | Slain by a hobgoblin

Skill      XL: |  1  2 |
---------------+-------+-----
Crossbows      | 2 |  2.5
Fighting       | 5 |  5.0
Axes           | |  2.0
Dodging        | |  0.1
Stealth        | |  1.1
Shields        | |  1.0

Action                   || total
-------------------------++-------
Melee: Short sword       ||     9
       Hand crossbow     ||     4
 Fire: Hand crossbow     ||    49
  Use: Potion            ||     2
       Scroll            ||     1
  Eat: Bread ration      ||     1
Armor: Skin              ||    89
Dodge: Dodged            ||    45
